 Dungeon Crawl Stone Soup version 0.30-a0-169-g06f667207d (webtiles) character file.

Game seed: 408297353018691575

282 qw the Chopper (level 6, 0/38 HPs)
             Began as a Gargoyle Fighter on Sept 29, 2022.
             Killed from afar by an orc wizard (1 damage)
             ... with a magic dart
             ... on level 4 of the Dungeon.
             The game lasted 00:00:56 (2446 turns).

qw the Chopper (Gargoyle Fighter)                   Turns: 2446, Time: 00:00:56

Health: 0/38       AC: 16    Str: 22    XL:     6   Next: 28%
Magic:  6/6        EV:  9    Int:  8    God:
Gold:   152        SH:  4    Dex:  9    Spells: 5/5 levels left

rFire   . . .      SeeInvis .    Y - +0 war axe (drain)
rCold   . . .      Faith    .    c - +0 buckler
rNeg    + . .      Spirit   .    b - +0 scale mail
rPois   inf        Reflect  .    s - +2 helmet
rElec   +          Harm     .    j - +1 cloak
rCorr   .          Rampage  .    (no gloves)
Will    .....                    (no boots)
Stlth   ..........               h - amulet of regeneration
HPRegen 0.92/turn                (no ring)
MPRegen 0.10/turn                (no ring)

@: no status effects
A: sickness immunity, AC +4, negative energy resistance 1, electricity
resistance, torment resistance 1, petrification resistance
a: no special abilities


You were on level 4 of the Dungeon.
You visited 1 branch of the dungeon, and saw 4 of its levels.

You collected 152 gold pieces.


Innate Abilities, Weirdness & Mutations

You are immune to sickness and miasma.
Your stone body is resilient. (AC +4)
You are immune to poison.
You resist negative energy. (rN+)
You are resistant to electric shocks. (rElec)
You are resistant to unholy torment.
You are immune to petrification.


   Skills:
 - Level 4.0 Fighting
 - Level 5.4 Axes
 - Level 3.2 Armour
 + Level 0.3 Dodging
 - Level 3.2 Shields


You had 5 spell levels left.
You didn't know any spells.
Your spell library was empty.

Inventory:

Hand Weapons
 v - a +0 flail
 Y - a +0 war axe of draining (weapon)
Missiles
 m - 4 boomerangs (quivered)
Armour
 b - a +0 scale mail (worn)
 c - a +0 buckler (worn)
 j - a +1 cloak (worn)
 q - a +0 pair of boots
 r - a +0 chain mail
 s - a +2 helmet (worn)
Jewellery
 h - an amulet of regeneration (around neck)
Scrolls
 t - a scroll of teleportation
Potions
 a - a potion of curing {unknown}
 d - 3 potions of might
 f - a potion of heal wounds
 g - a potion of degeneration {unknown}
 i - a potion of lignification {unknown}
 k - a potion of mutation {unknown}
 l - a potion of magic {unknown}
 n - a potion of ambrosia {unknown}
 o - a potion of resistance {unknown}
 p - a potion of flight {unknown}
 u - a potion of haste {unknown}
 w - a potion of berserk rage {unknown}

Dungeon Overview and Level Annotations

Branches:
Dungeon (4/15)
 Temple: D:4-7

Altars:
Ashenzari
Cheibriados
Hepliaklqana
Trog
Uskayaw
Xom
Yredelemnul

Shops:
D:4 *

Annotations:
D:2 1 runed translucent door, Crazy Yiuf


Message History

The orc freezes you.
The orc wizard hits you but does no damage.
Something hits you but does no damage.
The orc hits you with a +1 dagger of freezing.
The orc freezes you.
The gnoll hits you from afar with a +0 halberd.
The gnoll hits you with a +0 flail.
You barely miss the orc wizard.
The orc wizard is severely wounded.
You hit the gnoll. You drain the gnoll.
You kill the gnoll!
You completely miss something. You barely miss the orc.
Something hits you but does no damage. The orc wizard barely misses you.
The orc barely misses you.
The gnoll hits you from afar with a +0 halberd!
You barely miss the orc wizard.
The orc wizard is severely wounded.
You slash the orc!
You kill the orc!
You closely miss something.
The orc wizard gestures at you while chanting.
The puff of flame hits you. The gnoll barely misses you.
Something hits you but does no damage.
You closely miss the orc wizard.
The orc wizard is severely wounded.
You miss something. You barely miss the worm.
The orc wizard hits you but does no damage.
You block the gnoll's attack. Something hits you.
The worm completely misses you.
You slash the orc wizard!
You kill the orc wizard!
You hit the worm. You closely miss something.
You hear some strange, mumbled words.
A magic dart appears from out of thin air!
The magic dart hits you but does no damage.
The gnoll hits you from afar with a +0 halberd!
You hear some strange, mumbled words.
A magic dart appears from out of thin air!
The magic dart hits you.
You die...

........#...........
........#...........
[......#...........
#......##.....#####
#......##.....## . ..
#....>.#.......#
.....#g.....#.>.....#
.....#)w)...#.......#
.....'.@{)..#.......#
.....#....####....######
.... #....####....#.....
... +............)%....
.. #............#%.... .
#............#)..>.
#............#.....
#....#..######.....
########...........


You could see a worm and a gnoll.

Vanquished Creatures
  An ice beast (D:4)
  A scorpion (D:3)
  2 orc wizards (D:4)
  2 gnolls (D:4)
  4 adders
  2 worms (D:2)
  3 dart slugs
  3 orcs (D:4)
  5 ball pythons
  3 bats
  3 endoplasms
  A giant cockroach (D:4)
  A goblin (D:1)
  4 hobgoblins
  3 quokkas
  6 frilled lizards
  3 kobolds
  5 rats
52 creatures vanquished.

Notes
Turn   | Place    | Note
-------+----------+-------------------------------------------
     0 | D:1      | qw the Gargoyle Fighter began the quest for the Orb.
     0 | D:1      | Reached XP level 1. HP: 14/14 MP: 1/1
     0 | D:1      | 0 ||| qw: Version: 0.2-a-12-gaebbb33
     0 | D:1      | 0 ||| qw: Game counter: 1297
     0 | D:1      | 0 ||| qw: Always use a shield: true
     0 | D:1      | 0 ||| qw: God list: Okawaru
     0 | D:1      | 0 ||| qw: Allow faded altars: false
     0 | D:1      | 0 ||| qw: Do Orc after D:15 true
     0 | D:1      | 0 ||| qw: Do second Lair branch before Depths: true
     0 | D:1      | 0 ||| qw: Lair rune preference: random
     0 | D:1      | 0 ||| qw: Plans: Normal, Zot:1-4, God:TSO, Crypt, Tomb,
                  | Pan, Slime:5, Hells, Abyss, Orb
     0 | D:1      | 0 ||| PLANNING D:1-11
    94 | D:1      | Found a faded altar of an unknown god.
   256 | D:1      | Reached skill level 2 in Axes
   361 | D:1      | Reached XP level 2. HP: 15/19 MP: 2/2
   751 | D:1      | 751 ||| UPGRADING to amulet of regeneration.
   756 | D:1      | 756 ||| READING scroll labelled LYIL QICIONEE.
   757 | D:1      | 757 ||| READING scroll labelled WATEOT RYR.
   761 | D:1      | 761 ||| READING scroll labelled ASOYMERIME.
   782 | D:2      | 782 ||| STAIRDANCE
   861 | D:2      | Reached skill level 3 in Axes
   896 | D:2      | 896 ||| Stepping ~*~*~tactically~*~*~ (hiding).
   897 | D:2      | 897 ||| Stepping ~*~*~tactically~*~*~ (hiding).
   900 | D:2      | 900 ||| STAIRDANCE
  1007 | D:2      | 1007 ||| STAIRDANCE
  1013 | D:1      | Reached XP level 3. HP: 23/23 MP: 3/3
  1056 | D:2      | 1056 ||| READING scroll labelled BENTUW ROYCA.
  1057 | D:2      | 1057 ||| READING scroll labelled UTIPIT TYMEIXO.
  1058 | D:2      | 1058 ||| Stepping randomly (stuck).
  1128 | D:2      | 1128 ||| Stepping ~*~*~tactically~*~*~ (stealth).
  1134 | D:2      | 1134 ||| UPGRADING to +1 cloak.
  1330 | D:2      | Found a runed translucent door.
  1331 | D:2      | Noticed Crazy Yiuf
  1442 | D:2      | 1442 ||| READING scroll labelled EBAKHL HEERGH.
  1630 | D:3      | Reached XP level 4. HP: 28/28 MP: 4/4
  1744 | D:3      | Noticed a scorpion
  1752 | D:3      | Killed a scorpion
  1753 | D:3      | Reached skill level 4 in Axes
  1753 | D:3      | Reached XP level 5. HP: 27/32 MP: 5/5
  1924 | D:3      | 1924 ||| Stepping ~*~*~tactically~*~*~ (hiding).
  2162 | D:3      | 2162 ||| UPGRADING to +2 helmet.
  2167 | D:3      | 2167 ||| READING scroll labelled BOICHI ICRA.
  2168 | D:3      | 2168 ||| READING scroll labelled PEUVIS CEPNIU.
  2169 | D:3      | 2169 ||| READING scroll labelled PAFUBR ZEDDOITT.
  2170 | D:3      | 2170 ||| DRINKING 2 sedimented black potions.
  2224 | D:4      | Found a shimmering altar of Xom.
  2224 | D:4      | Found a bloodstained altar of Trog.
  2229 | D:4      | Found a hide-covered altar of Uskayaw.
  2231 | D:4      | Found a hazy altar of Hepliaklqana.
  2232 | D:4      | Found a snail-covered altar of Cheibriados.
  2238 | D:4      | Found a broken altar of Ashenzari.
  2239 | D:4      | Found a basalt altar of Yredelemnul.
  2244 | D:4      | Found Lievol's Gadget Gallery.
  2264 | D:4      | Noticed an ice beast
  2280 | D:4      | Killed an ice beast
  2281 | D:4      | Reached skill level 5 in Axes
  2360 | D:4      | Reached XP level 6. HP: 36/37 MP: 6/6
  2365 | D:4      | 2365 ||| Stepping ~*~*~tactically~*~*~ (hiding).
  2390 | D:4      | 2390 ||| DROPPING +0 mace.
  2446 | D:4      | HP: 1/38 [gnoll/+0 halberd (12)]
  2446 | D:4      | Killed from afar by an orc wizard

Levels and vault maps discovered:
D:1:      dpeg_arrival_arbitrary_a, layout_basic,
          hellmonk_ecumenical_altar_leap_of_faith, wad_floor_pattern_2,
          fountainhead
D:2:      layout_rooms, minmay_surrounded, uniq_crazy_yiuf_cottage
D:3:      layout_loops_ring, kennysheep_boxes
D:4:      layout_gridville, nicolae_overflow_hallway_of_the_gods, serial_shops,
          nicolae_shop_stone, nicolae_shop_gadgets, uniq_ijyb

Skill      XL: |  1  2  3  4  5  6 |
---------------+-------------------+-----
Axes           | 2 3 4 5 |  5.4
Fighting       | 4 |  4.0
Armour         | |  3.2
Dodging        | |  0.3
Shields        | |  3.2

Action                   |  1- 3 |  4- 6 || total
-------------------------+-------+-------++-------
Melee: War axe           |   106 |    55 ||   161
Throw: Boomerang         |    11 |    19 ||    30
  Use: Scroll            |     6 |     3 ||     9
       Potion            |       |     1 ||     1
Armor: Scale mail        |    53 |    40 ||    93
Dodge: Dodged            |    57 |    26 ||    83
Block: Buckler           |    22 |     8 ||    30

Table legend:
 A = Non-vault XP
 B = Vault XP
 C = Vault XP percentage of total XP
 D = Non-vault monster count
 E = Vault monster count
 F = Vault count percentage of total count
                 A         B        C        D         E       F
            +---------+---------+-------+---------+---------+-------
      Total |     422 |      18 |   4.1 |      49 |       3 |   5.8
            +---------+---------+-------+---------+---------+-------
        D:1 |      19 |       5 |  20.8 |      12 |       2 |  14.3
        D:2 |      42 |      13 |  23.6 |      15 |       1 |   6.2
        D:3 |     102 |       0 |   0.0 |       8 |       0 |   0.0
        D:4 |     259 |       0 |   0.0 |      14 |       0 |   0.0
            +---------+---------+-------+---------+---------+-------
